 Dungeon Crawl Stone Soup version 0.25-a0-1126-g5fd7b56c60 (webtiles) character file.

Game seed: 1566797417115833159, levelgen mode: deterministic

27 Gynju the Gusty (level 3, -1/19 HPs)
             Began as a Tengu Air Elementalist on May 19, 2020.
             Slain by a hound (4 damage)
             ... on level 2 of the Dungeon.
             The game lasted 00:01:51 (993 turns).

Gynju the Gusty (Tengu Air Elementalist)             Turns: 993, Time: 00:01:52

Health: -1/19      AC:  2    Str:  8    XL:     3   Next: 10%
Magic:  1/7        EV: 12    Int: 16    God:
Gold:   41         SH:  0    Dex: 14    Spells: 5/6 levels left

rFire    . . .     SeeInvis .   b - +0 dagger
rCold    . . .     Gourm    .   (no shield)
rNeg     . . .     Faith    .   a - +0 robe
rPois    .         Spirit   .   (helmet restricted)
rElec    .         Reflect  .   (no cloak)
rCorr    .         Harm     .   (no gloves)
MR       .....                  (boots unavailable)
Stlth    ++........             (no amulet)
HPRegen  0.06/turn              (no ring)
MPRegen  0.10/turn              (no ring)

@: no status effects
A: beak, talons 3
a: no special abilities


You were on level 2 of the Dungeon.
You were not hungry.

You visited 1 branch of the dungeon, and saw 2 of its levels.

You collected 41 gold pieces.

Inventory:

Hand Weapons
 b - a +0 dagger (weapon)
Armour
 a - a +0 robe (worn)
Scrolls
 f - a scroll of magic mapping {unknown}
 g - a scroll of remove curse {unknown}
Potions
 e - a potion of degeneration {unknown}
Comestibles
 c - 3 rations
 d - 3 chunks of flesh


   Skills:
 - Level 2.1 Dodging
 - Level 2.0 Stealth
 + Level 2.4 Spellcasting
 + Level 2.5 Conjurations
 + Level 4.5 Air Magic


You had 5 spell levels left.
You knew the following spells:

 Your Spells              Type           Power        Failure   Level  Hunger
a - Shock                 Conj/Air       ##..         4%          1    #......

Your spell library contained the following spells:

 Spells                   Type           Power        Failure   Level  Hunger
 Swiftness                Chrm/Air       #.......     12%         2    ###....
 Static Discharge         Conj/Air       ##......     14%         3    ###....
 Airstrike                Air            ###.......   30%         4    #####..
 Lightning Bolt           Conj/Air       ##........   77%         5    ######.


Dungeon Overview and Level Annotations

Branches:
Dungeon (2/15)

Altars:


Innate Abilities, Weirdness & Mutations

You have a beak for a mouth.
You have claws for feet.


Message History

The hound closely misses you.
You hit the hound but do no damage. You peck the hound.
The hound is almost dead.
The hound bites you but does no damage.
A kobold comes into view.
You closely miss the hound.
The kobold shouts!
Your peck misses the hound.
The hound is almost dead.
You hear an angry hiss.
The hound barely misses you. x2
You hit the hound but do no damage. You claw the hound, but do no damage.
The hound is almost dead.
The hound closely misses you.
You completely miss the hound.
The adder hisses angrily.
Your peck misses the hound.
The hound is almost dead.
The hound completely misses you. The hound bites you.
You die...

##### ...#
#######.######.#
...............#
..#..(.########
#....S.K..h@#
#..##########
######.........
.....รท........S
.....#...###.##
.....#...# #
.#...#...#
...#.#.....
........####


You could see a hound, an adder and a kobold.

Vanquished Creatures
  An ooze (D:1)
  A bat (D:1)
  3 goblins (D:1)
  5 hobgoblins (D:1)
  2 jackals (D:2)
  3 kobolds (D:1)
  2 ball pythons
  2 frilled lizards (D:1)
  2 rats (D:1)
21 creatures vanquished.

Notes
Turn   | Place    | Note
-------+----------+-------------------------------------------
     0 | D:1      | Gynju the Tengu Air Elementalist began the quest for the
                  | Orb.
     0 | D:1      | Reached XP level 1. HP: 10/10 MP: 4/4
    29 | D:1      | Noticed a worker ant
    29 | D:1      | Noticed a salamander
    29 | D:1      | Noticed a black bear
    29 | D:1      | Noticed a lindwurm
    29 | D:1      | Noticed a crocodile
   216 | D:1      | Reached XP level 2. HP: 15/15 MP: 0/6
   943 | D:2      | Reached XP level 3. HP: 19/19 MP: 4/7
   993 | D:2      | Slain by a hound

Illustrated notes

Levels and vault maps discovered:
D:1:      onia_arrival_zoo_common, layout_basic
D:2:      layout_basic, nemelex_xobeh_ov_fountains_minmay,
          gammafunk_temple_overflow_pools, st_stairs_13

Skill      XL: |  1 |
---------------+----+-----
Conjurations   | 2 |  2.5
Dodging        | |  2.1
Stealth        | |  2.0
Spellcasting   | |  2.4
Air Magic      | |  4.5

Action                   || total
-------------------------++-------
Melee: Dagger            ||    10
       Kick              ||     3
       Peck              ||     1
 Cast: Shock             ||    50
  Eat: Chunk             ||     1
Armor: Robe              ||     4
Dodge: Dodged            ||    15

Table legend:
 A = Non-vault XP
 B = Vault XP
 C = Vault XP percentage of total XP
 D = Non-vault monster count
 E = Vault monster count
 F = Vault count percentage of total count
                 A         B        C        D         E       F
            +---------+---------+-------+---------+---------+-------
      Total |      39 |       0 |   0.0 |      21 |       0 |   0.0
            +---------+---------+-------+---------+---------+-------
        D:1 |      33 |       0 |   0.0 |      18 |       0 |   0.0
        D:2 |       6 |       0 |   0.0 |       3 |       0 |   0.0
            +---------+---------+-------+---------+---------+-------
